| TOP OF THE 1ST |
|
Bowling Green Hot Rods batting - Pitching for Quad Cities River Bandits : RHP Elroy Meulenkamp
|
|
Pitching: RHP Elroy Meulenkamp
|
|
|
Batting: LHB Sean Banks
|
0-0: Ball 1-0: Ground out 6-3 (Groundball, 6, EV 83.1 MPH)
|
|
Batting: RHB John Downing
|
0-0: Foul Ball, location: 2F 0-1: Fly out, F8 (Flyball, 8LD, EV 99.4 MPH)
|
|
Batting: LHB Rocky Crowley
|
0-0: Called Strike 0-1: Ball 1-1: Foul Ball, location: 2F 1-2: Ball 2-2: Ground out 6-3 (Groundball, 56, EV 103.1 MPH)
|
| Top of the 1st over - 0 runs, 0 hits, 0 errors, 0 left on base; Bowling Green 0 - Quad Cities 0 |
| BOTTOM OF THE 1ST |
|
Quad Cities River Bandits batting - Pitching for Bowling Green Hot Rods : RHP Jesus Valdivia
|
|
Pitching: RHP Jesus Valdivia
|
|
|
Batting: LHB Jose Chavez
|
0-0: Foul Ball, location: 2F 0-1: Ball 1-1: Fly out, F7 (Flyball, 7LM, EV 101.2 MPH)
|
|
Batting: LHB Wade Girard
|
0-0: Ball 1-0: Ball 2-0: Called Strike 2-1: Ball 3-1: Foul Ball, location: 2F 3-2: Foul Ball, location: 2F 3-2: Base on Balls
|
|
Batting: RHB Jesus Malave
|
0-0: Swinging Strike 0-1: Ball 1-1: Ball 2-1: Ball 3-1: Called Strike 3-2: Strikes out swinging
|
|
Batting: RHB Sam Spohn
|
0-0: Called Strike 0-1: Foul Ball, location: 2F 0-2: Foul Ball, location: 2F 0-2: Fly out, F9 (Flyball, 9LM, EV 80.0 MPH)
|
| Bottom of the 1st over - 0 runs, 0 hits, 0 errors, 1 left on base; Bowling Green 0 - Quad Cities 0 |
| TOP OF THE 2ND |
|
Bowling Green Hot Rods batting - Pitching for Quad Cities River Bandits : RHP Elroy Meulenkamp
|
|
Batting: RHB Dermott Kennelly
|
0-0: Called Strike 0-1: Ball 1-1: Ball 2-1: Fly out, F8 (Flyball, 8RM, EV 74.4 MPH)
|
|
Batting: SHB Luis Verduzco
|
0-0: Foul Ball, location: 2F 0-1: Ball 1-1: Called Strike 1-2: Ball 2-2: Strikes out looking
|
|
Batting: RHB Jim Erdody
|
0-0: Ball 1-0: Ball 2-0: Called Strike 2-1: Ball 3-1: SINGLE (Groundball, 34D, EV 106.9 MPH)
|
|
Batting: RHB Tim Dower
|
0-0: Ball 1-0: Fly out, F8 (Flyball, 89D, EV 89.4 MPH)
|
| Top of the 2nd over - 0 runs, 1 hit, 0 errors, 1 left on base; Bowling Green 0 - Quad Cities 0 |
| BOTTOM OF THE 2ND |
|
Quad Cities River Bandits batting - Pitching for Bowling Green Hot Rods : RHP Jesus Valdivia
|
|
Batting: RHB Nick Deegan
|
0-0: Foul Ball, location: 2F 0-1: Ball 1-1: Foul Ball, location: 2F 1-2: Ground out 6-3 (Groundball, 6, EV 78.1 MPH)
|
|
Batting: RHB Omar Amaya
|
0-0: Ball 1-0: Ball 2-0: Ball 3-0: Base on Balls
|
|
Batting: RHB Dustin Hartman
|
0-0: Ball 1-0: Foul Ball, location: 2F 1-1: Grounds into double play, 5-4-3 (Groundball, 56S, EV 81.9 MPH)
|
| Bottom of the 2nd over - 0 runs, 0 hits, 0 errors, 0 left on base; Bowling Green 0 - Quad Cities 0 |
| TOP OF THE 3RD |
|
Bowling Green Hot Rods batting - Pitching for Quad Cities River Bandits : RHP Elroy Meulenkamp
|
|
Batting: LHB Eduardo Lopez
|
0-0: Called Strike 0-1: Ball 1-1: Swinging Strike 1-2: Ball 2-2: Strikes out swinging
|
|
Batting: RHB Dave Valdez
|
0-0: Called Strike 0-1: Called Strike 0-2: Strikes out looking
|
|
Batting: LHB Sean Banks
|
0-0: Swinging Strike 0-1: Ground out 6-3 (Groundball, 6M, EV 91.9 MPH)
|
| Top of the 3rd over - 0 runs, 0 hits, 0 errors, 0 left on base; Bowling Green 0 - Quad Cities 0 |
| BOTTOM OF THE 3RD |
|
Quad Cities River Bandits batting - Pitching for Bowling Green Hot Rods : RHP Jesus Valdivia
|
|
Batting: RHB Dave Gallegos
|
0-0: Ball 1-0: Ball 2-0: Foul Ball, location: 2F 2-1: Ball 3-1: Foul Ball, location: 2F 3-2: DOUBLE (Line Drive, 5D, EV 101.9 MPH)
|
|
Batting: RHB John Sabean
|
0-0: Swinging Strike 0-1: Ball 1-1: Swinging Strike 1-2: SINGLE (Line Drive, 89S, EV 100.6 MPH) Dave Gallegos to third
|
|
Batting: LHB Jose Chavez
|
0-0: Swinging Strike 0-1: Ball 1-1: Ball 2-1: Ball 3-1: Fielders Choice at 2nd, 3-6 (Groundball, 3, EV 85.0 MPH) Dave Gallegos scores
|
|
Batting: LHB Wade Girard
|
0-0: Ball Jose Chavez steals 2nd base 1-0: Ball 2-0: Called Strike 2-1: Ball 3-1: SINGLE (Line Drive, 6D, EV 96.2 MPH) Jose Chavez to third Runner from 3rd tries for Home, throw by LF and OUT! 7-2
|
|
Batting: RHB Jesus Malave
|
0-0: Fly out, F9 (Flyball, 9D, EV 79.4 MPH)
|
| Bottom of the 3rd over - 1 run, 3 hits, 0 errors, 1 left on base; Bowling Green 0 - Quad Cities 1 |
| TOP OF THE 4TH |
|
Bowling Green Hot Rods batting - Pitching for Quad Cities River Bandits : RHP Elroy Meulenkamp
|
|
Batting: RHB John Downing
|
0-0: Called Strike 0-1: Ball 1-1: Ball 2-1: Fly out, F9 (Line Drive, 9S, EV 90.0 MPH)
|
|
Batting: LHB Rocky Crowley
|
0-0: Swinging Strike 0-1: Ball 1-1: Ground out 4-3 (Groundball, 4, EV 109.4 MPH)
|
|
Batting: RHB Dermott Kennelly
|
0-0: Called Strike 0-1: Ball 1-1: TRIPLE (Line Drive, 7LD, EV 110.6 MPH)
|
|
Batting: SHB Luis Verduzco
|
0-0: Called Strike 0-1: Ball 1-1: Swinging Strike 1-2: Strikes out swinging
|
| Top of the 4th over - 0 runs, 1 hit, 0 errors, 1 left on base; Bowling Green 0 - Quad Cities 1 |
| BOTTOM OF THE 4TH |
|
Quad Cities River Bandits batting - Pitching for Bowling Green Hot Rods : RHP Jesus Valdivia
|
|
Batting: RHB Sam Spohn
|
0-0: Called Strike 0-1: Foul Ball, location: 2F 0-2: Ball 1-2: Ball 2-2: Ground out 6-3 (Groundball, 56, EV 99.4 MPH)
|
|
Batting: RHB Nick Deegan
|
0-0: Called Strike 0-1: Called Strike 0-2: Fly out, F8 (Flyball, 8LS, EV 85.6 MPH)
|
|
Batting: RHB Omar Amaya
|
0-0: Called Strike 0-1: Ball 1-1: Ball 2-1: Foul Ball, location: 2F 2-2: Strikes out swinging
|
| Bottom of the 4th over - 0 runs, 0 hits, 0 errors, 0 left on base; Bowling Green 0 - Quad Cities 1 |
| TOP OF THE 5TH |
|
Bowling Green Hot Rods batting - Pitching for Quad Cities River Bandits : RHP Elroy Meulenkamp
|
|
Batting: RHB Jim Erdody
|
0-0: Ball 1-0: Ball 2-0: Foul Ball, location: 2F 2-1: Swinging Strike 2-2: Strikes out looking
|
|
Batting: RHB Tim Dower
|
0-0: Called Strike 0-1: Ball 1-1: Ground out 6-3 (Groundball, 6, EV 105.6 MPH)
|
|
Batting: LHB Eduardo Lopez
|
0-0: Ball 1-0: DOUBLE (Flyball, 78D, EV 93.8 MPH)
|
|
Batting: RHB Dave Valdez
|
0-0: Called Strike 0-1: Ball 1-1: Ball 2-1: Foul Ball, location: 2F 2-2: Strikes out looking
|
| Top of the 5th over - 0 runs, 1 hit, 0 errors, 1 left on base; Bowling Green 0 - Quad Cities 1 |
| BOTTOM OF THE 5TH |
|
Quad Cities River Bandits batting - Pitching for Bowling Green Hot Rods : RHP Jesus Valdivia
|
|
Batting: RHB Dustin Hartman
|
0-0: Ball 1-0: Foul Ball, location: 2F 1-1: Foul Ball, location: 2F 1-2: Ground out 6-3 (Groundball, 6, EV 89.4 MPH)
|
|
Batting: RHB Dave Gallegos
|
0-0: Called Strike 0-1: Called Strike 0-2: Foul Ball, location: 2F 0-2: Ball 1-2: Ball 2-2: Ground out 4-3 (Groundball, 34, EV 103.1 MPH)
|
|
Batting: RHB John Sabean
|
0-0: Ball 1-0: Ball 2-0: Ball 3-0: Called Strike 3-1: Called Strike 3-2: Foul Ball, location: 2F 3-2: Foul Ball, location: 2F 3-2: Strikes out swinging
|
| Bottom of the 5th over - 0 runs, 0 hits, 0 errors, 0 left on base; Bowling Green 0 - Quad Cities 1 |
| TOP OF THE 6TH |
|
Bowling Green Hot Rods batting - Pitching for Quad Cities River Bandits : RHP Elroy Meulenkamp
|
|
Batting: LHB Sean Banks
|
0-0: Ball 1-0: Fly out, F8 (Flyball, 8LS, EV 89.4 MPH)
|
|
Batting: RHB John Downing
|
0-0: Foul Ball, location: 2F 0-1: Foul Ball, location: 2F 0-2: Fly out, F7 (Flyball, 7, EV 81.2 MPH)
|
|
Batting: LHB Rocky Crowley
|
0-0: Ground out 6-3 (Groundball, 6M, EV 79.4 MPH)
|
| Top of the 6th over - 0 runs, 0 hits, 0 errors, 0 left on base; Bowling Green 0 - Quad Cities 1 |
| BOTTOM OF THE 6TH |
|
Quad Cities River Bandits batting - Pitching for Bowling Green Hot Rods : RHP Jesus Valdivia
|
|
Batting: LHB Jose Chavez
|
0-0: Ball 1-0: Called Strike 1-1: Ball 2-1: Ball 3-1: Fly out, F9 (Flyball, 9D, EV 103.1 MPH)
|
|
Batting: LHB Wade Girard
|
0-0: Foul Ball, location: 2F 0-1: Swinging Strike 0-2: Foul Ball, location: 2F 0-2: SOLO HOME RUN (Flyball, 9D, EV 98.8 MPH), Distance : 383 ft
|
|
Batting: RHB Jesus Malave
|
0-0: Called Strike 0-1: Ball 1-1: Ball 2-1: Foul Ball, location: 2F 2-2: Fly out, F7 (Flyball, 7D, EV 79.4 MPH)
|
|
Batting: RHB Sam Spohn
|
0-0: Called Strike 0-1: Ball 1-1: Foul Ball, location: 2F 1-2: Ball 2-2: Ball 3-2: Foul Ball, location: 2F 3-2: Base on Balls
|
|
Pitching: LHP Ryan Folks
|
|
|
Batting: RHB Nick Deegan
|
0-0: Ball 1-0: Called Strike 1-1: Foul Ball, location: 2F 1-2: Strikes out swinging
|
| Bottom of the 6th over - 1 run, 1 hit, 0 errors, 1 left on base; Bowling Green 0 - Quad Cities 2 |
| TOP OF THE 7TH |
|
Bowling Green Hot Rods batting - Pitching for Quad Cities River Bandits : RHP Elroy Meulenkamp
|
|
Batting: RHB Dermott Kennelly
|
0-0: Called Strike 0-1: Swinging Strike 0-2: Strikes out swinging
|
|
Batting: SHB Luis Verduzco
|
0-0: Called Strike 0-1: Ball 1-1: Foul Ball, location: 2F 1-2: Strikes out swinging
|
|
Batting: RHB Jim Erdody
|
0-0: Swinging Strike 0-1: Called Strike 0-2: Strikes out swinging
|
| Top of the 7th over - 0 runs, 0 hits, 0 errors, 0 left on base; Bowling Green 0 - Quad Cities 2 |
| BOTTOM OF THE 7TH |
|
Quad Cities River Bandits batting - Pitching for Bowling Green Hot Rods : LHP Ryan Folks
|
|
Batting: RHB Omar Amaya
|
0-0: Swinging Strike 0-1: Foul Ball, location: 2F 0-2: Foul Ball, location: 2F 0-2: Ground out 6-3 (Groundball, 6, EV 102.5 MPH)
|
|
Batting: RHB Dustin Hartman
|
0-0: Ball 1-0: Foul Ball, location: 2F 1-1: Called Strike 1-2: Fly out, F9 (Flyball, 9D, EV 95.6 MPH)
|
|
Batting: RHB Dave Gallegos
|
0-0: Ball 1-0: Swinging Strike 1-1: Ball 2-1: Fly out, F8 (Flyball, 8RS, EV 94.4 MPH)
|
| Bottom of the 7th over - 0 runs, 0 hits, 0 errors, 0 left on base; Bowling Green 0 - Quad Cities 2 |
| TOP OF THE 8TH |
|
Bowling Green Hot Rods batting - Pitching for Quad Cities River Bandits : RHP Elroy Meulenkamp
|
|
Batting: RHB Tim Dower
|
0-0: SINGLE (Flyball, 89S, EV 100.6 MPH)
|
|
Batting: LHB Eduardo Lopez
|
0-0: Called Strike 0-1: Ball 1-1: Ball 2-1: Ground out 4-3 (Groundball, 13, EV 86.2 MPH) Tim Dower to second
|
|
Pinch Hitting: LHB Angel Ruvalcaba
|
0-0: Fly out, F7 (Flyball, 78XD, EV 96.2 MPH)
|
|
Batting: LHB Sean Banks
|
0-0: Ball 1-0: Called Strike 1-1: Ball 2-1: Foul Ball, location: 2F 2-2: Strikes out looking
|
| Top of the 8th over - 0 runs, 1 hit, 0 errors, 1 left on base; Bowling Green 0 - Quad Cities 2 |
| BOTTOM OF THE 8TH |
|
Quad Cities River Bandits batting - Pitching for Bowling Green Hot Rods : LHP Ryan Folks
|
|
Now at 2B: Jesus Carrillo
|
|
|
Batting: RHB John Sabean
|
0-0: Swinging Strike 0-1: Fly out, F9 (Flyball, 9LM, EV 96.9 MPH)
|
|
Batting: LHB Jose Chavez
|
0-0: Foul Ball, location: 2F 0-1: Ball 1-1: Ball 2-1: Ball 3-1: Foul Ball, location: 2F 3-2: Strikes out swinging
|
|
Batting: LHB Wade Girard
|
0-0: Foul Ball, location: 2F 0-1: Ball 1-1: Called Strike 1-2: Ball 2-2: Strikes out swinging
|
| Bottom of the 8th over - 0 runs, 0 hits, 0 errors, 0 left on base; Bowling Green 0 - Quad Cities 2 |
| TOP OF THE 9TH |
|
Bowling Green Hot Rods batting - Pitching for Quad Cities River Bandits : RHP Elroy Meulenkamp
|
|
Pitching: RHP Robin Yelland
|
|
|
Batting: RHB John Downing
|
0-0: Foul Ball, location: 2F 0-1: Called Strike 0-2: Foul Ball, location: 2F 0-2: Foul Ball, location: 2F 0-2: Ball 1-2: Strikes out swinging
|
|
Batting: LHB Rocky Crowley
|
0-0: Ball 1-0: Ball 2-0: Ground out 4-3 (Groundball, 34, EV 111.2 MPH)
|
|
Batting: RHB Dermott Kennelly
|
0-0: Ball 1-0: Ball 2-0: Foul Ball, location: 2F 2-1: Called Strike 2-2: DOUBLE (Flyball, 8RXD, EV 103.1 MPH)
|
|
Batting: SHB Luis Verduzco
|
0-0: Foul Ball, location: 2F 0-1: Called Strike 0-2: Ball 1-2: Foul Ball, location: 2F 1-2: Strikes out swinging
|
| Top of the 9th over - 0 runs, 1 hit, 0 errors, 1 left on base; Bowling Green 0 - Quad Cities 2 |
|